A- EAST
SALEM RED SOX @ MYRTLE BEACH PELICANS
09/11/2041
 
TOP OF THE 1ST
Salem Red Sox batting - Pitching for Myrtle Beach Pelicans : RHP Gary Reinhart
Pitching: RHP Gary Reinhart
Batting: LHB Dave Duarte 0-0: Called Strike
0-1: Foul Ball, location: 7LSF
0-2: SINGLE (Flyball, 8RS, EV 85.6 MPH)
Batting: RHB Manny Durango 0-0: Ball
1-0: Foul Ball, location: 7LDF
1-1: Bunted foul
1-2: Foul Ball, location: 9LMF
1-2: SINGLE (Line Drive, 6MD, EV 75.6 MPH)
Dave Duarte to second
Runner from 2nd tries for 3rd, OUT! 8-5
Batting: SHB António Cerda 0-0: Called Strike
0-1: Grounds into double play, 4-6-3 (Groundball, 4, EV 100.6 MPH)
Top of the 1st over - 0 runs, 2 hits, 0 errors, 0 left on base; Salem 0 - Myrtle Beach 0
BOTTOM OF THE 1ST
Myrtle Beach Pelicans batting - Pitching for Salem Red Sox : RHP K.C. Gregg
Pitching: RHP K.C. Gregg
Batting: RHB Gjergi Pojani 0-0: Ball
1-0: Ground out 5-3 (Groundball, 56S, EV 71.9 MPH)
Batting: RHB Jerry Peters 0-0: Called Strike
0-1: Ball
1-1: Foul Ball, location: 9LSF
1-2: Ball
2-2: Ball
3-2: Strikes out looking
Batting: RHB Ed Kirby 0-0: Ball
1-0: Ground out 5-3 (Groundball, 56, EV 83.8 MPH)
Bottom of the 1st over - 0 runs, 0 hits, 0 errors, 0 left on base; Salem 0 - Myrtle Beach 0
TOP OF THE 2ND
Salem Red Sox batting - Pitching for Myrtle Beach Pelicans : RHP Gary Reinhart
Batting: LHB José Juárez 0-0: Called Strike
0-1: Foul Ball, location: 2F
0-2: Ball
1-2: Ball
2-2: Ball
3-2: Fly out, F7 (Flyball, 78M, EV 91.9 MPH)
Batting: RHB Jeff Clark 0-0: Called Strike
0-1: Foul Ball, location: 5FF
0-2: Foul Ball, location: 7LDF
0-2: Foul Ball, location: 7LDF
0-2: Strikes out swinging
Batting: RHB Dani Lópes 0-0: Called Strike
0-1: Ball
1-1: Called Strike
1-2: Ball
2-2: Foul Ball, location: 9LDF
2-2: Fly out, F8 (Flyball, 89M, EV 95.6 MPH)
Top of the 2nd over - 0 runs, 0 hits, 0 errors, 0 left on base; Salem 0 - Myrtle Beach 0
BOTTOM OF THE 2ND
Myrtle Beach Pelicans batting - Pitching for Salem Red Sox : RHP K.C. Gregg
Batting: SHB Eric Logan 0-0: Foul Ball, location: 7LSFF
0-1: Ball
1-1: SINGLE (Line Drive, 89M, EV 93.8 MPH)
Batting: RHB Edgar Rodríguez 0-0: Fly out, F8 (Flyball, 89S, EV 99.4 MPH)
Batting: RHB Kevin Palmer 0-0: Called Strike
0-1: DOUBLE (Line Drive, 9LM, EV 106.9 MPH)
Eric Logan to third
Runner from 3rd tries for Home, SAFE, throw by RF to trailing runner, SAFE at third!
Batting: RHB Kevin Fry 0-0: Called Strike
0-1: Ball
1-1: Fly out, F4 (Line Drive, 4MD, EV 68.1 MPH)
Batting: RHB Luis Trevino 0-0: Ball
1-0: Ball
2-0: Ball
3-0: Called Strike
3-1: Base on Balls
Batting: LHB Juan Dávila 0-0: Hit by Pitch
Luis Trevino to second
Batting: RHB Gjergi Pojani 0-0: Called Strike
0-1: Called Strike
0-2: Ball
Wild Pitch!
Kevin Palmer scores
Luis Trevino to third
Juan Dávila to second
1-2: Ground out 5-3 (Groundball, 56S, EV 68.8 MPH)
Bottom of the 2nd over - 2 runs, 2 hits, 0 errors, 2 left on base; Salem 0 - Myrtle Beach 2
TOP OF THE 3RD
Salem Red Sox batting - Pitching for Myrtle Beach Pelicans : RHP Gary Reinhart
Batting: SHB Adrián Duartes 0-0: Ball
1-0: Swinging Strike
1-1: Foul Ball, location: 3F
1-2: Strikes out swinging
Batting: RHB Boland Waite 0-0: Called Strike
0-1: Reached on error, E4 (Groundball, 4, EV 108.8 MPH)
Batting: RHB Chris Washington 0-0: Ball
1-0: Foul Ball, location: 2RF
1-1: Ball
2-1: Ball
3-1: Foul Ball, location: 9LMFF
3-2: Foul Ball, location: 9LDF
3-2: Foul Ball, location: 7LMF
3-2: Base on Balls
Boland Waite to second
Batting: LHB Dave Duarte 0-0: Ball
1-0: Called Strike
1-1: Fly out, F4 (Popup, 4, EV 60.6 MPH)
Batting: RHB Manny Durango 0-0: Ground out U3 (Groundball, 3, EV 110.0 MPH)
Top of the 3rd over - 0 runs, 0 hits, 1 error, 2 left on base; Salem 0 - Myrtle Beach 2
BOTTOM OF THE 3RD
Myrtle Beach Pelicans batting - Pitching for Salem Red Sox : RHP K.C. Gregg
Batting: RHB Jerry Peters 0-0: Ground out 5-3 (Groundball, 56S, EV 89.4 MPH)
Batting: RHB Ed Kirby 0-0: Ball
1-0: Hit by Pitch
Batting: SHB Eric Logan 0-0: SINGLE (Line Drive, 6D, EV 103.8 MPH)
Ed Kirby to second
Batting: RHB Edgar Rodríguez 0-0: Ball
1-0: Ball
2-0: Grounds into double play, 5-4-3 (Groundball, 56, EV 99.4 MPH)
Bottom of the 3rd over - 0 runs, 1 hit, 0 errors, 1 left on base; Salem 0 - Myrtle Beach 2
TOP OF THE 4TH
Salem Red Sox batting - Pitching for Myrtle Beach Pelicans : RHP Gary Reinhart
Batting: SHB António Cerda 0-0: Ball
1-0: Called Strike
1-1: SINGLE (Line Drive, 56, EV 95.0 MPH)
Batting: LHB José Juárez 0-0: Swinging Strike
0-1: Ball
1-1: Foul Ball, location: 7LSF
1-2: Ball
2-2: Fly out, F8 (Flyball, 8LS, EV 93.8 MPH)
Batting: RHB Jeff Clark 0-0: Ball
1-0: Ball
2-0: Foul Ball, location: 2F
2-1: Swinging Strike
2-2: Fly out, F8 (Flyball, 89M, EV 93.8 MPH)
Batting: RHB Dani Lópes 0-0: Fly out, F9 (Flyball, 9, EV 94.4 MPH)
Top of the 4th over - 0 runs, 1 hit, 0 errors, 1 left on base; Salem 0 - Myrtle Beach 2
BOTTOM OF THE 4TH
Myrtle Beach Pelicans batting - Pitching for Salem Red Sox : RHP K.C. Gregg
Batting: RHB Kevin Palmer 0-0: Foul Ball, location: 9LSF
0-1: Swinging Strike
0-2: Strikes out swinging, 2-3 out at first.
Batting: RHB Kevin Fry 0-0: Ball
1-0: SINGLE (Groundball, 6MD, EV 97.5 MPH)
Batting: RHB Luis Trevino 0-0: Ball
1-0: Called Strike
1-1: Swinging Strike
1-2: Strikes out looking
Batting: LHB Juan Dávila 0-0: Called Strike
Kevin Fry is caught stealing 2nd base 2-6
Bottom of the 4th over - 0 runs, 1 hit, 0 errors, 0 left on base; Salem 0 - Myrtle Beach 2
TOP OF THE 5TH
Salem Red Sox batting - Pitching for Myrtle Beach Pelicans : RHP Gary Reinhart
Batting: SHB Adrián Duartes 0-0: Ball
1-0: Ground out 4-3 (Groundball, 34D, EV 85.6 MPH)
Batting: RHB Boland Waite 0-0: Ball
1-0: Swinging Strike
1-1: Foul Ball, location: 5F
1-2: Ball
2-2: Fly out, F8 (Flyball, 8RS, EV 100.0 MPH)
Batting: RHB Chris Washington 0-0: Ball
1-0: Foul Ball, location: 5F
1-1: Called Strike
1-2: Ball
2-2: Fly out, F1 (Line Drive, P, EV 69.4 MPH)
Top of the 5th over - 0 runs, 0 hits, 0 errors, 0 left on base; Salem 0 - Myrtle Beach 2
BOTTOM OF THE 5TH
Myrtle Beach Pelicans batting - Pitching for Salem Red Sox : RHP K.C. Gregg
Batting: LHB Juan Dávila 0-0: Ball
1-0: Fly out, F6 (Popup, 6MD, EV 66.9 MPH)
Batting: RHB Gjergi Pojani 0-0: Ground out 4-3 (Groundball, 4M, EV 86.9 MPH)
Batting: RHB Jerry Peters 0-0: Called Strike
0-1: Swinging Strike
0-2: Ball
1-2: Strikes out looking
Bottom of the 5th over - 0 runs, 0 hits, 0 errors, 0 left on base; Salem 0 - Myrtle Beach 2
TOP OF THE 6TH
Salem Red Sox batting - Pitching for Myrtle Beach Pelicans : RHP Gary Reinhart
Batting: LHB Dave Duarte 0-0: Ball
1-0: Ball
2-0: Called Strike
2-1: Foul Ball, location: 7LMF
2-2: Ball
3-2: SOLO HOME RUN (Flyball, 78XD, EV 110.6 MPH), Distance : 406 ft
Batting: RHB Manny Durango 0-0: Ball
1-0: Ball
2-0: Called Strike
2-1: Ball
3-1: Base on Balls
Pitching: RHP Atmananda Pulkit
Batting: SHB António Cerda 0-0: Called Strike
Manny Durango steals 2nd base (no throw)
0-1: Ball
1-1: Called Strike
1-2: Ball
2-2: Foul Ball, location: 7LSF
2-2: Ball
3-2: Base on Balls
Pitching: LHP Willie Rosado
Pinch Hitting: RHB Jeff Nelson 0-0: Called Strike
0-1: Fly out, F7 (Flyball, 7, EV 96.3 MPH)
Pitching: RHP Jorge Rodríguez
Batting: RHB Jeff Clark 0-0: Ball
1-0: Fly out, F7 (Flyball, 7S, EV 92.5 MPH)
Batting: RHB Dani Lópes 0-0: Called Strike
0-1: Ball
1-1: Ball
2-1: Called Strike
2-2: Ball
3-2: Base on Balls
Manny Durango to third
António Cerda to second
Pinch Hitting: SHB Geoff Cameron 0-0: Ball
1-0: Foul Ball, location: 9LMF
1-1: Ball
2-1: Ball
3-1: Foul Ball, location: 23F
3-2: Base on Balls
Manny Durango scores
António Cerda to third
Dani Lópes to second
Batting: RHB Rob Alexander 0-0: Ground out 5-3 (Groundball, 56S, EV 68.1 MPH)
Top of the 6th over - 2 runs, 1 hit, 0 errors, 3 left on base; Salem 2 - Myrtle Beach 2
BOTTOM OF THE 6TH
Myrtle Beach Pelicans batting - Pitching for Salem Red Sox : RHP K.C. Gregg
Now at SS: Geoff Cameron
Now in RF: Alex Russell
Batting: RHB Ed Kirby 0-0: Ball
1-0: Swinging Strike
1-1: Ball
2-1: Swinging Strike
2-2: Strikes out looking
Batting: SHB Eric Logan 0-0: Ball
1-0: Called Strike
1-1: Called Strike
1-2: Strikes out swinging
Batting: RHB Edgar Rodríguez 0-0: Swinging Strike
0-1: Ball
1-1: Swinging Strike
1-2: Foul Ball, location: 2F
1-2: Ball
2-2: Fly out, F2 (Popup, 23F, EV 86.9 MPH)
Bottom of the 6th over - 0 runs, 0 hits, 0 errors, 0 left on base; Salem 2 - Myrtle Beach 2
TOP OF THE 7TH
Salem Red Sox batting - Pitching for Myrtle Beach Pelicans : RHP Jorge Rodríguez
Batting: RHB Chris Washington 0-0: Called Strike
0-1: Swinging Strike
0-2: Ball
1-2: Foul Ball, location: 25FF
1-2: Strikes out swinging
Batting: LHB Dave Duarte 0-0: Called Strike
0-1: Foul Ball, location: 5F
0-2: Strikes out swinging
Batting: RHB Manny Durango 0-0: Ball
1-0: Ball
2-0: Fly out, F1 (Line Drive, P, EV 71.9 MPH)
Top of the 7th over - 0 runs, 0 hits, 0 errors, 0 left on base; Salem 2 - Myrtle Beach 2
BOTTOM OF THE 7TH
Myrtle Beach Pelicans batting - Pitching for Salem Red Sox : RHP K.C. Gregg
Batting: RHB Kevin Palmer 0-0: Ball
1-0: DOUBLE (Line Drive, 9LM, EV 103.8 MPH)
Batting: RHB Kevin Fry 0-0: Sac Bunt to 2R - play at first, batter safe!
Kevin Palmer to third
Batting: RHB Luis Trevino 0-0: Called Strike
0-1: Swinging Strike
0-2: DOUBLE (Flyball, 8LXD, EV 110.6 MPH)
Kevin Palmer scores
Kevin Fry to third
Batting: LHB Juan Dávila 0-0: Ball
1-0: Ball
2-0: Foul Ball, location: 3FF
2-1: Fly out, F6 (Popup, 6M, EV 53.8 MPH)
Batting: RHB Gjergi Pojani 0-0: Ball
1-0: Ball
2-0: Called Strike
2-1: Ball
3-1: Foul Ball, location: 2F
3-2: DOUBLE (Line Drive, 78XD, EV 103.1 MPH)
Kevin Fry scores
Luis Trevino scores
Pitching: RHP Oliver Arredondo
Batting: RHB Jerry Peters 0-0: Called Strike
0-1: Ground out 3-1 (Groundball, 34, EV 100.6 MPH)
Gjergi Pojani to third
Batting: RHB Ed Kirby 0-0: Ball
1-0: Fly out, F9 (Flyball, 9, EV 97.5 MPH)
Bottom of the 7th over - 3 runs, 4 hits, 0 errors, 1 left on base; Salem 2 - Myrtle Beach 5
TOP OF THE 8TH
Salem Red Sox batting - Pitching for Myrtle Beach Pelicans : RHP Jorge Rodríguez
Now at 3B: Alex Boyce
Batting: SHB António Cerda 0-0: Ball
1-0: SINGLE (Line Drive, 9S, EV 86.3 MPH)
Pinch Hitting: RHB Don Ratzlaff 0-0: Ball
1-0: Ball
2-0: Swinging Strike
2-1: Ball
3-1: Foul Ball, location: 2F
3-2: Base on Balls
António Cerda to second
Batting: RHB Jeff Clark 0-0: Called Strike
0-1: Ball
1-1: Foul Ball, location: 2F
1-2: Ball
2-2: Strikes out swinging
Batting: RHB Dani Lópes 0-0: Swinging Strike
0-1: Ball
1-1: SINGLE (Line Drive, 7S, EV 88.8 MPH)
António Cerda to third
Don Ratzlaff to second
Pitching: RHP Juan Páez
Batting: SHB Geoff Cameron 0-0: Called Strike
0-1: Foul Ball, location: 7LMF
0-2: SINGLE (Groundball, 34D, EV 107.5 MPH)
António Cerda scores
Don Ratzlaff to third
Dani Lópes to second
Runner from 3rd tries for Home, SAFE, throw by RF to home
Batting: RHB Rob Alexander 0-0: Ball
1-0: Foul Ball, location: 2F
1-1: Ball
2-1: Ball
3-1: Called Strike
3-2: Strikes out swinging
Batting: RHB Chris Washington 0-0: Swinging Strike
0-1: DOUBLE (Flyball, 8LXD, EV 107.5 MPH)
Dani Lópes scores
Geoff Cameron to third
Batting: LHB Dave Duarte 0-0: Ball
1-0: Swinging Strike
1-1: Ball
2-1: Ball
3-1: Base on Balls
Batting: RHB Manny Durango 0-0: Ball
1-0: Swinging Strike
1-1: Ground out 5-3 (Groundball, 56S, EV 85.6 MPH)
Top of the 8th over - 3 runs, 4 hits, 0 errors, 3 left on base; Salem 5 - Myrtle Beach 5
BOTTOM OF THE 8TH
Myrtle Beach Pelicans batting - Pitching for Salem Red Sox : RHP Oliver Arredondo
Now in LF: Don Ratzlaff
Now in RF: Jeff Clark
Batting: SHB Eric Logan 0-0: Called Strike
0-1: Fly out, F7 (Flyball, 7D, EV 105.6 MPH)
Pinch Hitting: RHB Juan Martínez 0-0: Ball
1-0: Ball
2-0: Called Strike
2-1: SINGLE (Line Drive, 6MD, EV 68.8 MPH)
Batting: RHB Kevin Palmer 0-0: Ball
Juan Martínez is caught stealing 2nd base 2-4
1-0: Called Strike
1-1: Ground out 6-3 (Groundball, 6, EV 91.9 MPH)
Bottom of the 8th over - 0 runs, 1 hit, 0 errors, 0 left on base; Salem 5 - Myrtle Beach 5
TOP OF THE 9TH
Salem Red Sox batting - Pitching for Myrtle Beach Pelicans : RHP Juan Páez
Now at 1B: Darryl Becker
Batting: SHB António Cerda 0-0: Ball
1-0: Ball
2-0: Ball
3-0: Called Strike
3-1: Fly out, F7 (Line Drive, 7LM, EV 96.3 MPH)
Batting: RHB Don Ratzlaff 0-0: Ball
1-0: Ball
2-0: Called Strike
2-1: Foul Ball, location: 9LMF
2-2: Foul Ball, location: 5F
2-2: Ball
3-2: Base on Balls
Batting: RHB Jeff Clark 0-0: Called Strike
0-1: Called Strike
0-2: Foul Ball, location: 9LMF
0-2: Ball
1-2: Foul Ball, location: 9LMF
1-2: Ball
2-2: Strikes out swinging
Batting: RHB Dani Lópes 0-0: Ball
1-0: Ball
2-0: Ball
3-0: Base on Balls
Don Ratzlaff to second
Batting: SHB Geoff Cameron 0-0: Ball
1-0: Swinging Strike
1-1: Called Strike
1-2: Strikes out swinging
Top of the 9th over - 0 runs, 0 hits, 0 errors, 2 left on base; Salem 5 - Myrtle Beach 5
BOTTOM OF THE 9TH
Myrtle Beach Pelicans batting - Pitching for Salem Red Sox : RHP Oliver Arredondo
Pitching: LHP Luis Aguilar
Batting: RHB Kevin Fry 0-0: Called Strike
0-1: Ball
1-1: Foul Ball, location: 5F
1-2: Strikes out swinging
Batting: RHB Luis Trevino 0-0: Ball
1-0: Ball
2-0: Fly out, F3 (Popup, 3SF, EV 72.5 MPH)
Pinch Hitting: RHB Bubba Sanders 0-0: Foul Ball, location: 5SF
0-1: Called Strike
0-2: Foul Ball, location: 9LSF
0-2: Foul Ball, location: 2F
0-2: Ball
1-2: Hit by Pitch
Batting: RHB Gjergi Pojani 0-0: Called Strike
0-1: Foul Ball, location: 2F
0-2: Foul Ball, location: 5SF
0-2: Ball
1-2: Foul Ball, location: 2F
1-2: Foul Ball, location: 2LF
1-2: DOUBLE (Flyball, 89XD, EV 108.8 MPH)
Bubba Sanders to third
Runner from 3rd tries for Home, SAFE, throw by CF to home
Bottom of the 9th over - 1 run, 1 hit, 0 errors, 1 left on base; Salem 5 - Myrtle Beach 6
Monday, April 1st , 2024 - OOTP Baseball 24.10 Build 82